 Dungeon Crawl Stone Soup version 0.28-a0-1510-gd0f6b136d3 (webtiles) character file.

Game seed: 8057065687747325825

62 croobank the Sneak (level 4, 0/27 HPs)
             Began as a Kobold Brigand on Jan 15, 2022.
             Slain by a jelly (2 damage)
             ... on level 3 of the Dungeon.
             The game lasted 00:05:55 (1610 turns).

croobank the Sneak (Kobold Brigand)                 Turns: 1610, Time: 00:05:55

Health: 0/27       AC:  0    Str: 10    XL:     4   Next: 28%
Magic:  4/4        EV: 14    Int: 12    God:
Gold:   59         SH:  0    Dex: 16    Spells: 3/3 levels left

rFire   . . .      SeeInvis .   a - +2 dagger
rCold   . . .      Faith    .   (no shield)
rNeg    . . .      Spirit   .   b - +0 robe
rPois   .          Reflect  .   (no helmet)
rElec   .          Harm     .   c - +1 cloak
rCorr   .          Rampage  .   (no gloves)
Will    .....                   (no boots)
Stlth   ++++......              (no amulet)
HPRegen 0.09/turn               (no ring)
MPRegen 0.09/turn               (no ring)

@: corroded
A: small, no large weapons, nightstalker 3
a: no special abilities


You were on level 3 of the Dungeon.
You visited 1 branch of the dungeon, and saw 3 of its levels.

You collected 59 gold pieces.

Inventory:

Hand Weapons
 a - a +2 dagger (weapon)
Missiles
 d - 8 poisoned darts (quivered)
 e - 2 curare-tipped darts
 f - 23 bolts
 k - 58 stones
Armour
 b - a +0 robe (worn)
 c - a +1 cloak (worn)
Jewellery
 m - a ring of resist corrosion
Wands
 o - a wand of charming (4)
Scrolls
 i - a scroll of teleportation {unknown}
Potions
 g - a potion of brilliance {unknown}
 h - 2 potions of curing
 j - 2 potions of heal wounds {unknown}
 l - a potion of might {unknown}
 n - a potion of attraction {unknown}


   Skills:
 + Level 2.8 Fighting
 + Level 3.5 Short Blades
 + Level 2.8 Throwing
 + Level 2.2 Dodging
 + Level 5.9 Stealth


You had 3 spell levels left.
You didn't know any spells.
Your spell library was empty.

Dungeon Overview and Level Annotations

Branches:
Dungeon (3/15)

Altars:

Shops:
D:2 =


Innate Abilities, Weirdness & Mutations

You are small and have problems with some larger weapons.
You are completely attuned to the shadows.


Message History

You now have 59 gold pieces (gained 14).
A hobgoblin comes into view.
The helpless hobgoblin fails to defend itself.
You impale the hobgoblin!!
You kill the hobgoblin!
You see here a hobgoblin corpse.
o - a wand of charming (4)
There is a stone staircase leading up here.
Done exploring.
(D) Dungeon
Where to? (Enter - D:2, ? - help)
There is an escape hatch in the floor here.
There is a stone staircase leading down here.
You climb downwards.
You hear the sound of rushing water.
There is an entrance to a sewer on this level.
Hurry and find it before the portal rusts away!
Found a stone staircase leading down.
There is a stone staircase leading up here.
Found 17 stones.
A jelly comes into view.
The jelly quivers.
The jelly misses you.
You hit the jelly. The acid corrodes you!
Your hands burn!
The jelly is lightly wounded.
The jelly closely misses you.
You hit the jelly.
Your hands burn!
The jelly is moderately wounded.
The jelly barely misses you.
You hit the jelly but do no damage.
Your hands burn!
The jelly is moderately wounded.
The jelly completely misses you.
You hit the jelly.
Your hands burn!
The jelly is heavily wounded.
The jelly hits you.
You are splashed with acid!
* * * LOW HITPOINT WARNING * * *
You hit the jelly but do no damage.
Your hands burn!
* * * LOW HITPOINT WARNING * * *
The jelly is heavily wounded.
The jelly hits you.
You die...

. #.#.# ######
###.#.###.....
.........<....
#.##...#>....
#..@...######
#.J##..#
#..##..#
#(.......#
####.##### #..
#..


You could see a jelly.

Vanquished Creatures
  2 adders (D:2)
  3 dart slugs
  An orc (D:2)
  4 endoplasms
  4 giant cockroaches
  A goblin (D:2)
  3 hobgoblins (D:2)
  2 kobolds
  5 ball pythons
  5 bats
  5 frilled lizards
  3 rats
38 creatures vanquished.

Notes
Turn   | Place    | Note
-------+----------+-------------------------------------------
     0 | D:1      | croobank the Kobold Brigand began the quest for the Orb.
     0 | D:1      | Reached XP level 1. HP: 12/12 MP: 1/1
   173 | D:1      | Reached XP level 2. HP: 18/18 MP: 2/2
   723 | D:1      | Found a faded altar of an unknown god.
  1006 | D:2      | Reached XP level 3. HP: 22/22 MP: 3/3
  1253 | D:2      | Reached XP level 4. HP: 25/27 MP: 4/4
  1302 | D:2      | Found Tijarhal's Jewellery Boutique.
  1610 | D:3      | Slain by a jelly

Illustrated notes

Levels and vault maps discovered:
D:1:      tarquinn_simple_flora_water_f, layout_basic, serial_corexii_hall,
          chequers_hall_statues_y, corexii_hall_statues_t,
          shapermc_ecumenical_altar_mp_ritualfount, minmay_cupped
D:2:      layout_rooms, serial_shops, shop_fountains
D:3:      layout_loops_cross, okawaru_trees_1, nicolae_overflow_crystal_walls,
          slow_altar_2, nicolae_overflow_hallway_of_the_gods,
          gup_sewer_entry_bubbles

Skill      XL: |  1  2  3 |
---------------+----------+-----
Short Blades   | 3 |  3.5
Dodging        | 2 |  2.2
Fighting       | |  2.8
Throwing       | |  2.8
Stealth        | |  5.9

Action                   |  1- 3 |  4- 6 || total
-------------------------+-------+-------++-------
Melee: Dagger            |    76 |    20 ||    96
       Punch             |     1 |       ||     1
Throw: Dart              |     1 |       ||     1
  Use: Scroll            |     3 |       ||     3
 Stab: Sleeping          |    16 |     7 ||    23
Armor: Robe              |    12 |     2 ||    14
Dodge: Dodged            |    38 |    10 ||    48

Table legend: (Time is in decaauts)
 A = Elapsed time spent in this place.
 B = Non-inter-level travel time spent in this place.
 C = Inter-level travel time spent in this place.
 D = Time resting spent in this place.
 E = Time spent auto-exploring this place.
 F = Levels seen in this place.
 G = Mean time per level.
                   A        B        C        D        E       F      G
               +--------+--------+--------+--------+--------+-----+--------+
         Total |   1595 |   1536 |     59 |      0 |   1206 |   3 |  531.7 |
       Dungeon |   1595 |   1536 |     59 |      0 |   1206 |   3 |  531.7 |
               +--------+--------+--------+--------+--------+-----+--------+

Top non-repeatable levels by time:
     D:1: 962 daAuts
     D:2: 619 daAuts
     D:3: 12 daAuts
